 Seeded DCSS version 0.30.0-18-gc0e69614cb (webtiles) character file.

Game seed: 6351066067085065685 (custom seed)

345 Esekla the Grave Robber (level 6, 0/33 HPs)
             Began as a Deep Elf Necromancer on May 25, 2023.
             Was an Initiate of Vehumet.
             Slain by a white imp (5 damage)
             ... on level 6 of the Dungeon.
             The game lasted 00:10:43 (1710 turns).

Esekla the Grave Robber (Deep Elf Necromancer)      Turns: 1710, Time: 00:10:43

Health: 0/33       AC:  2    Str:  5    XL:     6   Next: 32%
Magic:  16/16      EV: 13    Int: 22    God:    Vehumet [......]
Gold:   133        SH:  0    Dex: 15    Spells: 11/15 levels left

rFire   . . .        c - +1 dagger (drain)
rCold   . . .        (no shield)
rNeg    . . .        a - +0 robe
rPois   .            (no helmet)
rElec   .            (no cloak)
rCorr   .            (no gloves)
SInv    .            (no boots)
Will    .....        (no amulet)
Stlth   ++           (no ring)
HPRegen 0.25/turn    (no ring)
MPRegen 0.15/turn

%: no passive effects
@: no status effects
A: no striking features
a: Renounce Religion


You were on level 6 of the Dungeon.
You worshipped Vehumet.
Vehumet was noncommittal.
You visited 1 branch of the dungeon, and saw 6 of its levels.

You collected 133 gold pieces.

Inventory:

Hand Weapons
 c - a +1 dagger of draining (weapon)
 p - a +0 trident
Missiles
 o - 8 poisoned darts (quivered)
Armour
 a - a +0 robe (worn)
 l - a +0 pair of gloves
Wands
 n - a wand of roots (7)
Scrolls
 e - 2 scrolls of fear {unknown}
 f - 3 scrolls of identify {unknown}
 j - 2 scrolls of fog {unknown}
 m - a scroll of enchant weapon {unknown}
Potions
 b - a potion of magic
 d - 2 potions of ambrosia {unknown}
 g - a potion of heal wounds {unknown}
 h - 3 potions of attraction {unknown}
 i - 2 potions of brilliance {unknown}
 k - 3 potions of curing {unknown}


   Skills:
 + Level 0.9 Fighting
 + Level 2.0 Short Blades
 * Level 4.3 Dodging
 + Level 3.6 Stealth
 * Level 5.4 Spellcasting
 + Level 6.0 Necromancy


You had 11 spell levels left.
You knew the following spells:

 Your Spells              Type           Power      Damage    Failure   Level
a - Necrotise             Necr           100%       1d9       1%          1
d - Vampiric Draining     Necr           32%        2d8       2%          3

Your spell library contained the following spells:

 Spells                   Type           Power      Damage    Failure   Level
 Animate Dead             Necr           32%        N/A       9%          4
 Lesser Beckoning         Tloc           12%        N/A       14%         2
 Agony                    Necr           32%        N/A       22%         5
 Gell's Gravitas          Tloc           6%         N/A       28%         3
 Teleport Other           Tloc           6%         N/A       28%         3


Dungeon Overview and Level Annotations

Branches:
Dungeon (6/15)             Temple (0/1) D:6

Altars:
Vehumet


Message History

The white imp is moderately wounded.
The white imp misses you.
You hit the white imp. Your punch misses the white imp.
The white imp is heavily wounded.
The white imp barely misses you.
You hit the white imp but do no damage.
The white imp is heavily wounded.
The white imp closely misses you.
You closely miss the white imp.
You punch the white imp, but do no damage.
The white imp is heavily wounded.
The white imp misses you.
You barely miss the white imp.
The white imp is heavily wounded.
The white imp hits you. The white imp freezes you.
You closely miss the white imp.
The white imp is heavily wounded.
The white imp gestures at you. The puff of frost misses you.
You hit the white imp but do no damage.
The white imp is heavily wounded.
The white imp gestures at you. The puff of frost hits you!
You hit the white imp but do no damage.
The white imp is heavily wounded.
The white imp hits you but does no damage.
You hit the white imp but do no damage.
The white imp is heavily wounded.
The white imp hits you.
* * * LOW HITPOINT WARNING * * *
The white imp freezes you.
* * * LOW HITPOINT WARNING * * *
You hit the white imp but do no damage.
The white imp is heavily wounded.
You hit the white imp.
The white imp is severely wounded.
The white imp hits you.
* * * LOW HITPOINT WARNING * * *
The white imp freezes you.
You die...

.#####.#.#.####
##........##.....
#...........#.###
#.#.#.#.#.#...#
#(..........###
#.#[......#.#
#####...........#
#.....#...>...#.#####
#..5@..[........##...
#.....#.......#.....Y
#...............##...
#.....#.#.#.#.#.#####
#####...........#
####.###....#
##.###..###
#...[.....####
#...##.......#


You could see a white imp.

Vanquished Creatures
  An ice beast (D:6)
  A kobold brigand (D:6)
  2 hounds (D:6)
  A jelly (D:6)
  An iguana (D:5)
  2 adders (D:5)
  A dart slug (D:1)
  2 orcs (D:6)
  5 ball pythons (D:1)
  3 bats
  4 endoplasms
  4 goblins (D:1)
  2 hobgoblins
  A quokka (D:1)
  2 frilled lizards (D:1)
  9 kobolds
41 creatures vanquished.

Notes
Turn   | Place    | Note
-------+----------+-------------------------------------------
     0 | D:1      | Esekla the Deep Elf Necromancer began the quest for the
                  | Orb.
     0 | D:1      | Reached XP level 1. HP: 10/10 MP: 6/6
   201 | D:1      | Reached skill level 5 in Necromancy
   268 | D:1      | Reached XP level 2. HP: 9/15 MP: 8/8
   689 | D:3      | Reached XP level 3. HP: 18/19 MP: 9/9
   693 | D:3      | Learned a level 3 spell: Vampiric Draining
   817 | D:4      | Found a radiant altar of Vehumet.
   821 | D:4      | Became a worshipper of Vehumet
   868 | D:5      | Entered Level 5 of the Dungeon
   945 | D:5      | Reached skill level 1 in Short Blades
   945 | D:5      | Reached XP level 4. HP: 21/24 MP: 4/11
  1048 | D:5      | Noticed an ogre
  1218 | D:6      | Noticed a kobold brigand
  1218 | D:6      | Noticed a black bear
  1237 | D:6      | Reached XP level 5. HP: 27/28 MP: 13/13
  1495 | D:6      | Noticed a lemure
  1495 | D:6      | Noticed a lemure
  1505 | D:6      | Noticed an ice beast
  1516 | D:6      | Killed an ice beast
  1517 | D:6      | Reached skill level 5 in Spellcasting
  1517 | D:6      | Reached skill level 6 in Necromancy
  1517 | D:6      | Reached XP level 6. HP: 22/33 MP: 2/16
  1677 | D:6      | Found a staircase to the Ecumenical Temple.
  1685 | D:6      | Noticed a sky beast
  1710 | D:6      | Slain by a white imp

Illustrated notes

Levels and vault maps discovered:
D:1:      sevenhm_arrival_forest_fort_small_3, layout_rooms,
          chequers_serial_rivers_room_b, minmay_misc_feat_five
D:2:      layout_loops_ring, dreamdust_ecumenical_altar_angels_and_demons,
          serial_shops, shop
D:3:      layout_basic, grunt_temple_overflow_open, minmay_misc_feat_iff
D:4:      layout_basic, nicolae_overflow_quartered_altars, serial_shops,
          nicolae_diamond_shop
D:5:      layout_loops_ring, lemuel_doored_altar, minmay_misc_feat_rows,
          dreamdust_wishing_well
D:6:      layout_loops_cross, fedhas_altar_fruit_tree,
          minmay_temple_entry_glass, uniq_pikel, uniq_blork_the_orc

Skill      XL: |  1  2  3  4  5 |
---------------+----------------+-----
Necromancy     | 5 6 |  6.0
Dodging        | 3 4 |  4.3
Short Blades   | 1 2 |  2.0
Stealth        | 3 |  3.6
Spellcasting   | 4 5 |  5.4
Fighting       | |  0.9

Action                     |  1- 3 |  4- 6 || total
---------------------------+-------+-------++-------
  Melee: Unarmed           |     9 |       ||     9
         Dagger            |    48 |    45 ||    93
         Short sword       |     7 |       ||     7
         Punch             |     1 |     2 ||     3
  Throw: Dart              |       |     1 ||     1
   Cast: Vampiric Draining |     2 |    15 ||    17
   Stab: Sleeping          |     7 |     1 ||     8
 Armour: Robe              |     8 |    10 ||    18
  Dodge: Dodged            |    32 |    32 ||    64
